 Dungeon Sprint DCSS version 0.21.1-1-g345015f (webtiles) character file.

2900000 Glory the Conqueror (level 20, -17/197 HPs)
             Began as a Demonspawn Berserker on Apr 9, 2018.
             Demolished by a destroyer
             ... wielding a +9 great sword of slicing
              (214 damage)
             ... in the Dungeon (Sprint VIII: "Arena of Blood").
             The game lasted 00:00:26 (29 turns).

Glory the Conqueror (Demonspawn Berserker)            Turns: 29, Time: 00:00:27

Health: -17/197    AC:  8    Str: 25    XL:     20   Next: 65%
Magic:  20/45      EV: 31    Int:  9    God:
Gold:   0          SH:  0    Dex: 14    Spells: 61/61 levels left

rFire    + . .     SeeInvis .   j - +∞ Axe of Woe
rCold    . . .     Gourm    .   (shield currently unavailable)
rNeg     . . .     Faith    .   b - +0 animal skin
rPois    .         Spirit   .   (helmet restricted)
rElec    .         Reflect  .   (no cloak)
rCorr    .         Harm     .   (no gloves)
MR       +....     NoTele   +   (no boots)
Stlth    ++++++++++             (no amulet)
HPRegen  12.42/turn             (no ring)
MPRegen  0.29/turn              (no ring)

@: berserk cooldown, slowed, very slow
A: antennae 2, molten scales 3, nightstalker 3, powered by death 3
a: no special abilities


You were in the Dungeon.
You were not hungry.

You visited 1 branch

Inventory:

Hand Weapons
 a - a +0 hand axe
 j - the +∞ Axe of Woe (weapon)
   (You found it in the Dungeon)
Armour
 b - a +0 animal skin (worn)
Scrolls
 i - a scroll of blinking
Potions
 d - a potion of curing
 e - a potion of heal wounds
 f - a potion of haste
 g - 2 potions of magic
 h - a potion of berserk rage
Comestibles
 c - a ration


   Skills:
 O Level 27 Fighting
 O Level 27 Axes
 + Level 21.1 Throwing
 O Level 27 Armour
 O Level 27 Dodging
 + Level 22.6 Stealth
 + Level 21.1 Unarmed Combat
 + Level 21.1 Spellcasting


You had 61 spell levels left.
You didn't know any spells.

Dungeon Overview and Level Annotations

Branches:
Dungeon (1/1)

Altars:
Makhleb


Innate Abilities, Weirdness & Mutations

You have a pair of antennae on your head.
You are completely covered in molten scales. (AC +4, rF+)
You are completely attuned to the shadows.
You regenerate a lot of health from kills.


Message History

The large bag of meat explodes!
The fiery explosion engulfs you! You resist. Trog accepts your kill.
Trog doesn't appreciate your training magic!
You feel extremely guilty.
You have lost your religion!
Trog does not appreciate desertion!
Your Throwing skill gained 2 levels and is now at level 21!
Your Stealth skill increases to level 22!
Your Unarmed Combat skill gained 2 levels and is now at level 21!
Your Spellcasting skill gained 2 levels and is now at level 21!
You hear a shout! x13
The large bag of meat appears out of thin air!
A large bag of meat comes into view. It is wielding a +9 giant spiked club.
You hear a shout! x4
A destroyer comes into view.
It is wielding a +9 great sword of slicing.
You hear a shout! x8
The destroyer hits you with a +9 great sword of slicing!!!!!
Ouch! That really hurt!
You die...

#.. .# . #..
..# ..###..
..###.
......###......
...O._......
#§§)%.# #§§<)_#
V#§)§..#.
.....))@V.....
......###......
..###.. ..###.
. #.. ..# #..
.# ... ..


You could see 2 destroyers and a large bag of meat (inner flame).

Vanquished Creatures
  5 ogres (D)
  A two-headed ogre (D)
  17 orcs (D)
23 creatures vanquished.

Notes
Turn   | Place    | Note
-------+----------+-------------------------------------------
     0 | D        | Found the +∞ Axe of Woe
     0 | D        | Glory the Demonspawn Berserker began the quest for the Orb.
     0 | D        | Reached XP level 1. HP: 18/18 MP: 1/1
     3 | D        | Noticed a bag of meat
     3 | D        | Noticed a bag of meat
     4 | D        | Noticed a bag of meat
     4 | D        | Noticed a bag of meat
     5 | D        | Noticed a bag of meat
     5 | D        | Noticed a bag of meat
     5 | D        | Noticed a bag of meat
     9 | D        | Killed a bag of meat
     9 | D        | Gained mutation: You are partially covered in molten scales. (AC +2) [demonic ancestry]
     9 | D        | Reached XP level 2. HP: 48/48 MP: 2/2
     9 | D        | Gained mutation: You regenerate a little health from kills. [demonic ancestry]
     9 | D        | Reached XP level 3. HP: 54/54 MP: 3/3
     9 | D        | Gained mutation: You are slightly more attuned to the shadows. [demonic ancestry]
     9 | D        | Reached XP level 4. HP: 62/62 MP: 4/4
     9 | D        | Reached XP level 5. HP: 68/68 MP: 5/5
     9 | D        | Gained mutation: You regenerate health from kills. [demonic ancestry]
     9 | D        | Reached XP level 6. HP: 75/75 MP: 6/6
     9 | D        | Gained mutation: You have a pair of small antennae on your head. [demonic ancestry]
     9 | D        | Reached XP level 7. HP: 81/81 MP: 7/7
     9 | D        | Gained mutation: You are mostly covered in molten scales. (AC +3) [demonic ancestry]
     9 | D        | Reached XP level 8. HP: 89/89 MP: 8/8
     9 | D        | Gained mutation: You are completely covered in molten scales. (AC +4, rF+) [demonic ancestry]
     9 | D        | Reached XP level 9. HP: 95/95 MP: 9/9
     9 | D        | Reached XP level 10. HP: 102/102 MP: 10/10
     9 | D        | Reached XP level 11. HP: 108/108 MP: 11/11
     9 | D        | Killed a bag of meat
     9 | D        | Reached ** piety under Trog
     9 | D        | Reached skill level 10 in Armour
     9 | D        | Reached skill level 10 in Dodging
     9 | D        | Reached XP level 12. HP: 121/121 MP: 12/12
     9 | D        | Killed a bag of meat
     9 | D        | Reached XP level 13. HP: 132/132 MP: 13/13
    10 | D        | Killed a bag of meat
    10 | D        | Gained mutation: You have a pair of antennae on your head. [demonic ancestry]
    10 | D        | Reached XP level 14. HP: 143/143 MP: 14/14
    10 | D        | Killed a bag of meat
    10 | D        | Killed a bag of meat
    10 | D        | Reached *** piety under Trog
    10 | D        | Reached XP level 15. HP: 154/154 MP: 15/15
    11 | D        | Noticed a meat berserker
    11 | D        | Noticed a meat berserker
    11 | D        | Noticed a meat berserker
    14 | D        | Killed a meat berserker
    14 | D        | Reached skill level 27 in Fighting
    14 | D        | Reached skill level 27 in Axes
    14 | D        | Reached skill level 15 in Armour
    14 | D        | Reached skill level 15 in Dodging
    14 | D        | Gained mutation: You regenerate a lot of health from kills. [demonic ancestry]
    14 | D        | Reached XP level 16. HP: 167/167 MP: 16/16
    16 | D        | Noticed a meat berserker
    16 | D        | Killed a meat berserker
    16 | D        | Reached **** piety under Trog
    16 | D        | Killed a meat berserker
    16 | D        | Reached XP level 17. HP: 174/174 MP: 17/17
    17 | D        | Killed a meat berserker
    19 | D        | Reached XP level 18. HP: 182/182 MP: 18/18
    21 | D        | Reached ***** piety under Trog
    21 | D        | Reached skill level 27 in Armour
    21 | D        | Reached skill level 27 in Dodging
    22 | D        | Reached skill level 10 in Stealth
    22 | D        | Gained mutation: You are significantly more attuned to the shadows. [demonic ancestry]
    22 | D        | Reached XP level 19. HP: 189/189 MP: 18/34
    24 | D        | Reached skill level 15 in Stealth
    25 | D        | Noticed a meat berserker
    25 | D        | Noticed a large bag of meat
    25 | D        | Reached skill level 15 in Throwing
    25 | D        | Reached skill level 15 in Unarmed Combat
    25 | D        | Reached skill level 15 in Spellcasting
    27 | D        | Killed a meat berserker
    27 | D        | Gained mutation: You are completely attuned to the shadows. [demonic ancestry]
    27 | D        | Reached XP level 20. HP: 197/197 MP: 19/42
    28 | D        | Noticed a destroyer
    28 | D        | Killed a large bag of meat
    28 | D        | Fell from the grace of Trog
    29 | D        | Noticed a large bag of meat
    29 | D        | Noticed a destroyer
    29 | D        | Demolished by a destroyer

Skill      XL: |  1  2  3  4  5  6  7  8  9 10 11 12 13 14 15 16 17 18 19 20 |
---------------+-------------------------------------------------------------+-----
Fighting       | 17 20 21 23 25 27 | 27.0
Axes           | 16 19 20 22 24 27 | 27.0
Armour         | 9 10 11 12 13 15 22 26 27 | 27.0
Dodging        | 9 10 11 12 13 15 22 25 27 | 27.0
Throwing       | 11 18 21 | 21.1
Stealth        | 12 20 22 | 22.6
Unarmed Combat | 11 18 21 | 21.1
Spellcasting   | 11 18 21 | 21.1

Action                   |  1- 3 |  4- 6 |  7- 9 | 10-12 | 13-15 | 16-18 | 19-21 || total
-------------------------+-------+-------+-------+-------+-------+-------+-------++-------
Melee: Executioner's axe |     1 |       |       |       |     3 |     5 |     6 ||    15
Invok: Berserk           |     1 |       |       |       |       |       |       ||     1
Dodge: Dodged            |       |       |       |       |       |     1 |     1 ||     2
